 Dungeon Crawl Stone Soup version 0.16-a0-3086-ga63ba9b (webtiles) character file.

110 bullock the Sneak (level 4, -1/27 HPs)
             Began as an Octopode Wizard on Dec 11, 2014.
             Killed from afar by an orc wizard (10 damage)
             ... with a puff of flame
             ... on level 3 of the Dungeon.
             The game lasted 00:05:53 (2166 turns).

bullock the Sneak (Octopode Wizard)                 Turns: 2166, Time: 00:05:53

Health: -1/27      AC:  1    Str:  6    XL:     4   Next: 91%
Magic:  6/10       EV: 12    Int: 21    God:
Gold:   88         SH:  0    Dex: 10    Spells: 4 memorised, 2 levels left

rFire  . . .     SeeInvis .     m - +1 mace (drain)
rCold  . . .     Clarity  .     (no shield)
rNeg   . . .     SustAb   .     b - +0 hat
rPois  .         Gourm    .     (no amulet)
rElec  .         Spirit   .     (no ring)
rCorr  .         Warding  .     (no ring)
rMut   .         Stasis   .     (no ring)
MR     .....                    (no ring)
Stlth  ++++......               (no ring)
                                (no ring)
                                (no ring)
                                (no ring)

@: very slightly contaminated, not resistant to hostile enchantments, stealthy
A: almost no armour, amphibious, 8 rings, constrict 8, camouflage 1, gelatinous
body 1
a: no special abilities


You were on level 3 of the Dungeon.
You were not hungry.

You visited 1 branch of the dungeon, and saw 3 of its levels.

You collected 88 gold pieces.

Inventory:

Hand weapons
 m - a +1 mace of draining (weapon)
Armour
 b - a +0 hat (worn)
Scrolls
 e - 2 scrolls of fear {unknown}
 j - 4 scrolls of teleportation {unknown}
 o - a scroll of remove curse {unknown}
Potions
 a - 2 potions of brilliance {unknown}
 f - a potion of resistance {unknown}
 g - 3 potions of haste {unknown}
 i - 3 potions of cancellation {unknown}
 k - a potion of restore abilities {unknown}
 l - a potion of heal wounds {unknown}
Books
 c - a book of Minor Magic

   Spells                             Type                      Level
   a - Magic Dart                     Conjuration                  1
   b - Blink                          Translocation                2
   c - Call Imp                       Summoning                    2
   d - Repel Missiles                 Charms/Air                   2
   e - Slow                           Hexes                        2
   f - Conjure Flame                  Conjuration/Fire             3
   g - Mephitic Cloud                 Conjuration/Poison/Air       3
Comestibles
 d - a bread ration
 h - a royal jelly
 n - 2 chunks of flesh


   Skills:
 - Level 2.0 Dodging
 + Level 4.1 Stealth
 + Level 3.7 Spellcasting
 * Level 3.0 Conjurations
   Level 1.0 Summonings
 - Level 1.0 Translocations


You had 2 spell levels left.
You knew the following spells:

 Your Spells              Type           Power        Failure   Level  Hunger
a - Magic Dart            Conj           ###.         4%          1    None
f - Conjure Flame         Conj/Fire      ##......     24%         3    ###....
q - Blink                 Tloc           N/A          14%         2    ##.....
v - Repel Missiles        Chrm/Air       #.....       21%         2    ##.....


Dungeon Overview and Level Annotations

Branches:
Dungeon (3/15)

Altars:

Annotations:
D:2 Terence


Innate Abilities, Weirdness & Mutations

You cannot wear most types of armour.
You are amphibious.
You can wear up to eight rings at the same time.
You can use your tentacles to constrict many enemies at once.
Your skin changes colour to match your surroundings (Stealth).
Your rubbery body absorbs attacks (AC +1).


Message History

The magic dart hits the orc wizard.
The orc wizard is lightly wounded.
You hit the orc wizard. Your grab misses the orc wizard.
You squeeze the orc wizard!
The orc wizard is severely wounded.
The orc wizard hits you but does no damage.
An orc comes into view. It is wielding a falchion.
You hit the orc wizard but do no damage.
Your grab misses the orc wizard.
The orc wizard is severely wounded.
The orc wizard hits you with a dagger. The orc hits you but does no damage.
Casting: Magic Dart
Confirm with . or Enter, or press ? or * to list all spells.
You blink.
The orc wizard gestures wildly while chanting.
The orc wizard flickers and vanishes!
Deactivating autopickup; reactivate with Ctrl-A.
A puff of flame appears from out of thin air!
The puff of flame hits you!
You die...

#......#.# #....[.###
#..#.....## .# ##..##.#..# #.
##.##.#..# . ##.##....##.#
##...##....#.###
##.....#........#
##.....@.....###...#
#####..†.....#.#..# !.
#..l............#.#
..####...o......†##....########
...Ko!l.###.......#.#.........#
....#####
#......(#.#.#######.### ... ..
#.......#.#.### #..... .
#...###.....##.....# #.....
#........####.##.# #.....


You could see an orc.

Vanquished Creatures
  An orc wizard (D:3)
  5 adders
  A giant gecko (D:1)
  An ooze (D:1)
  An orc (D:3)
  2 goblins
  3 hobgoblins
  4 jackals (D:1)
  4 kobolds
  A quokka (D:2)
  11 bats
  4 giant newts
  5 rats
43 creatures vanquished.

Notes
Turn   | Place    | Note
--------------------------------------------------------------
     0 | D:1      | bullock, the Octopode Wizard, began the quest for the Orb.
     0 | D:1      | Reached XP level 1. HP: 11/11 MP: 4/4
   457 | D:1      | Reached XP level 2. HP: 17/17 MP: 1/6
   985 | D:2      | Reached XP level 3. HP: 14/21 MP: 0/8
   989 | D:2      | Learned a level 2 spell: Blink
   992 | D:2      | Learned a level 2 spell: Repel Missiles
   996 | D:2      | Learned a level 3 spell: Conjure Flame
  1349 | D:2      | Noticed Terence
  1624 | D:3      | Reached XP level 4. HP: 27/27 MP: 1/10
  1713 | D:3      | Reached skill level 4 in Stealth
  2166 | D:3      | Killed from afar by an orc wizard

Action                   |  1- 3 |  4- 6 || total
-------------------------+-------+-------++-------
Melee: Unarmed           |     3 |       ||     3
       Mace              |     4 |    11 ||    15
       Short sword       |     3 |       ||     3
 Cast: Magic Dart        |    81 |    31 ||   112
       Conjure Flame     |     1 |       ||     1
       Repel Missiles    |     1 |       ||     1
       Blink             |       |     3 ||     3
 Stab: Distracted        |       |     1 ||     1
  Eat: Chunk             |     2 |     2 ||     4
